 Dungeon Crawl Stone Soup version 0.24.0-29-g8ce449bc06 (webtiles) character file.

Game seed: 5417133646244301728, levelgen mode: deterministic

770494 erloom the Gnoll Aeon (level 27, -25/226 HPs)
             Began as a Gnoll Wanderer on Nov 11, 2019.
             Was the Champion of Cheibriados.
             Killed from afar by Cerebov (43 damage)
             ... with a great blast of fire
             ... in Pandemonium on Nov 16, 2019.
             The game lasted 07:06:50 (64156 turns).

erloom the Gnoll Aeon (Gnoll Wanderer)             Turns: 64156, Time: 07:06:51

Health: -25/226    AC: 24    Str: 55    XL:     27
Magic:  29/46      EV: 43    Int: 22    God:    Cheibriados [******]
Gold:   2792       SH: 25    Dex: 50    Spells: 25/65 levels left

rFire    + + .     SeeInvis .   s - +8 eudemon blade (holy)
rCold    + . .     Gourm    .   G - +2 shield of Axzuhoq Seuw {rN++ Str+3 Slay+3}
rNeg     + + +     Faith    .   S - +6 scale mail of the Stallion {rF+ Str+8 Dex-4}
rPois    +         Spirit   .   V - -2 hat of the Alchemist {rElec rPois rF+ rC+ rN+ MR+ rMut rCorr}
rElec    +         Reflect  .   l - +0 cloak of Amorality {rC- MR++ Int-5 Dex+10} (curse)
rCorr    +         Harm     .   H - +2 pair of gloves {Str+3}
rMut     +         Rnd*Tele +   o - +3 pair of boots of Morality {rF+ Stlth+}
MR       +++++                  c - amulet "Xearebes" {rElec Regen+ Int-4 Dex+4 Stlth+}
Stlth    +++++++++.             y - ring of Box Puit {Wiz rC+ MR+}
HPRegen  0.87/turn              Z - ring of the Pariah {rElec rPois Str+4 Int-4 Slay+6}
MPRegen  0.30/turn

@: mighty, agile, silence, fire vulnerable, very slightly contaminated, deflect
missiles, very slow
A: distributed training, fangs 1, iridescent scales 1, agile 1, deformed body,
teleportitis 1, weak 1, strong nose
}: 5/15 runes: decaying, serpentine, silver, abyssal, dark
a: Renounce Religion


You were in Pandemonium.
You worshipped Cheibriados.
Cheibriados was exalted by your worship.
You were not hungry.

You visited 11 branches of the dungeon, and saw 57 of its levels.
You visited Pandemonium 1 time, and saw 4 of its levels.
You visited the Abyss 2 times.
You visited 1 bazaar.
You also visited: Bailey, Gauntlet, Ice Cave and Wizlab.

You collected 9982 gold pieces.
You spent 7190 gold pieces at shops.

Inventory:

Hand Weapons
 a - a +9 broad axe of electrocution
 b - the +8 hand crossbow of Laceration {venom, rN+ Int+5 SInv}
   (You found it on level 5 of the Lair of Beasts)

   It poisons the ammo it fires.
   It affects your intelligence (+5).
   It protects you from negative energy.
   It lets you see invisible.
 s - a +8 eudemon blade of holy wrath (weapon)
 t - the +6 Majin-Bo {vamp, Archmagi MP+6 Int+6}
   (You took it off a Hellbinder in a wizard's laboratory)

   It inflicts no extra harm, but heals its wielder when it wounds a living foe.
   It affects your intelligence (+6).
   It affects your magic capacity (+6).
Missiles
 n - 3 throwing nets (quivered)
 u - 1668 bolts
Armour
 e - a +2 cloak of cold resistance
 l - the cursed +0 cloak of Amorality (worn) {rC- MR++ Int-5 Dex+10}
   (You found it on level 4 of the Vaults)

   It affects your intelligence (-5).
   It affects your dexterity (+10).
   It makes you vulnerable to cold.
   It affects your resistance to hostile enchantments.
   It has a curse placed upon it.
 o - the +3 pair of boots of Morality (worn) {rF+ Stlth+}
   (You acquired it in a wizard's laboratory)

   It protects you from fire.
   It makes you more stealthy.
 G - the +2 shield of Axzuhoq Seuw (worn) {rN++ Str+3 Slay+3}
   (You found it on level 2 of the Vaults)

   It affects your strength (+3).
   It affects your accuracy and damage with ranged weapons and melee attacks
   (+3).
   It greatly protects you from negative energy.
 H - a +2 pair of gloves of strength (worn)
 S - the +6 scale mail of the Stallion (worn) {rF+ Str+8 Dex-4}
   (You took it off a deep elf blademaster on level 3 of the Elven Halls)

   It affects your strength (+8).
   It affects your dexterity (-4).
   It protects you from fire.
 V - the -2 hat of the Alchemist (worn) {rElec rPois rF+ rC+ rN+ MR+ rMut rCorr}
   (You bought it in a shop on level 1 of the Snake Pit)

   It protects you from fire.
   It protects you from cold.
   It insulates you from electricity.
   It protects you from poison.
   It protects you from negative energy.
   It affects your resistance to hostile enchantments.
   It provides partial protection from all sources of acid and corrosion.
   It protects you from mutation.
Magical Staves
 T - an uncursed staff of energy
Jewellery
 c - the amulet "Xearebes" (around neck) {rElec Regen+ Int-4 Dex+4 Stlth+}
   (You acquired it on level 3 of the Snake Pit)

   [amulet of regeneration]

   It affects your intelligence (-4).
   It affects your dexterity (+4).
   It insulates you from electricity.
   It increases your rate of regeneration.
   It makes you more stealthy.
 m - an uncursed ring of protection from fire
 y - the ring of Box Puit (left hand) {Wiz rC+ MR+}
   (You took it off a deep elf annihilator on level 3 of the Elven Halls)

   [ring of wizardry]

   It improves your spell success rate.
   It protects you from cold.
   It affects your resistance to hostile enchantments.
 B - an uncursed ring of protection from fire
 U - the ring of Kuiv {rC++ Str+4 Int-2 Dex+4 Slay+1}
   (You found it on level 4 of the Depths)

   [ring of slaying]

   It affects your strength (+4).
   It affects your intelligence (-2).
   It affects your dexterity (+4).
   It affects your accuracy and damage with ranged weapons and melee attacks
   (+1).
   It greatly protects you from cold.
 Z - the ring of the Pariah (right hand) {rElec rPois Str+4 Int-4 Slay+6}
   (You found it on level 4 of the Depths)

   [ring of poison resistance]

   It affects your strength (+4).
   It affects your intelligence (-4).
   It affects your accuracy and damage with ranged weapons and melee attacks
   (+6).
   It insulates you from electricity.
   It protects you from poison.
Wands
 N - a wand of acid (40)
 Q - a wand of clouds (9)
 X - a wand of digging (24)
Scrolls
 d - 3 scrolls of holy word
 h - 34 scrolls of teleportation
 i - 6 scrolls of immolation
 j - 19 scrolls of fog
 k - 5 scrolls of blinking
 p - 6 scrolls of summoning
 q - 2 scrolls of silence
 C - 9 scrolls of fear
 I - 5 scrolls of identify
 J - 3 scrolls of magic mapping
 P - 31 scrolls of remove curse
 R - 7 scrolls of enchant armour
 Y - 4 scrolls of amnesia
Potions
 g - 12 potions of mutation
 v - 15 potions of agility
 w - 12 potions of heal wounds
 x - 5 potions of might
 z - 31 potions of curing
 D - 7 potions of magic
 E - 8 potions of cancellation
 F - 7 potions of ambrosia
 K - 6 potions of resistance
 M - 7 potions of invisibility
 O - 12 potions of flight
Miscellaneous
 r - a lightning rod (4/4)
 A - a lamp of fire
 W - 4 phantom mirrors
Comestibles
 f - 94 rations


   Skills:
 + Level 20.7 Fighting
 + Level 19.5 Short Blades
 + Level 19.9 Long Blades
 + Level 19.5 Axes
 + Level 19.5 Maces & Flails
 + Level 19.5 Polearms
 + Level 19.5 Staves
 + Level 19.5 Slings
 + Level 19.5 Bows
 + Level 19.5 Crossbows
 + Level 19.7 Throwing
 + Level 19.5 Armour
 + Level 19.5 Dodging
 + Level 20.1 Stealth
 + Level 19.5 Shields
 + Level 19.5 Unarmed Combat
 + Level 19.5 Spellcasting
 + Level 16.9 Conjurations
 + Level 16.9 Hexes
 + Level 16.9 Charms
 + Level 16.9 Summonings
 + Level 16.9 Necromancy
 + Level 16.9 Translocations
 + Level 16.9 Transmutations
 + Level 16.9 Fire Magic
 + Level 16.9 Ice Magic
 + Level 16.9 Air Magic
 + Level 16.9 Earth Magic
 + Level 16.9 Poison Magic
 + Level 21.0 Invocations
 + Level 19.5 Evocations


You had 25 spell levels left.
You knew the following spells:

 Your Spells              Type           Power        Failure   Level  Hunger
a - Apportation           Tloc           ######       0%          1    None
b - Regeneration          Chrm/Necr      #######...   0%          3    None
c - Summon Lightning Spi  Summ/Air       #######.     1%          4    None
d - Borgnjor's Vile Clut  Necr/Erth      #######...   1%          5    None
e - Statue Form           Tmut/Erth      #######..    1%          6    ###....
f - Conjure Flame         Conj/Fire      #######.     0%          3    None
g - Aura of Abjuration    Summ           #######...   1%          5    None
h - Summon Mana Viper     Hex/Summ       #######.     1%          5    None
i - Blink                 Tloc           N/A          0%          2    None
j - Deflect Missiles      Chrm/Air       #######...   1%          6    ###....

Your spell library contained the following spells:

 Spells                   Type           Power        Failure   Level  Hunger
 Animate Skeleton         Necr           N/A          0%          1    None
 Beastly Appendage        Tmut           ######       0%          1    None
 Confusing Touch          Hex            ######       0%          1    None
 Corona                   Hex            #######      0%          1    None
 Flame Tongue             Conj/Fire      #####        0%          1    None
 Freeze                   Ice            ####         0%          1    None
 Infusion                 Chrm           ####         0%          1    None
 Magic Dart               Conj           ####         0%          1    None
 Pain                     Necr           ####         0%          1    None
 Sandblast                Erth           ######       0%          1    None
 Shock                    Conj/Air       ####         0%          1    None
 Sting                    Conj/Pois      ####         0%          1    None
 Summon Butterflies       Summ           #######.     0%          1    None
 Summon Small Mammal      Summ           ####         0%          1    None
 Call Imp                 Summ           #######.     0%          2    None
 Corpse Rot               Necr           N/A          0%          2    None
 Ensorcelled Hibernation  Hex/Ice        ######       0%          2    None
 Passwall                 Tmut/Erth      #######.     0%          2    None
 Poisonous Vapours        Pois/Air       ######       0%          2    None
 Shroud of Golubria       Chrm/Tloc      ######       0%          2    None
 Slow                     Hex            #######.     0%          2    None
 Song of Slaying          Chrm           #######.     0%          2    None
 Sticks to Snakes         Tmut           #######.     0%          2    None
 Swiftness                Chrm/Air       #######.     0%          2    None
 Throw Flame              Conj/Fire      ######       0%          2    None
 Throw Frost              Conj/Ice       ######       0%          2    None
 Call Canine Familiar     Summ           #######.     0%          3    None
 Confuse                  Hex            #######.     0%          3    None
 Dazzling Spray           Conj/Hex       ######       0%          3    None
 Gell's Gravitas          Tloc           #######...   0%          3    None
 Ignite Poison            Fire/Tmut/Pois #######.     0%          3    None
 Inner Flame              Hex/Fire       #######.     0%          3    None
 Lesser Beckoning         Tloc           #######...   0%          3    None
 Mephitic Cloud           Conj/Pois/Air  #######.     0%          3    None
 Ozocubu's Armour         Chrm/Ice       #######.     0%          3    None
 Portal Projectile        Hex/Tloc       ######       0%          3    None
 Recall                   Summ/Tloc      N/A          0%          3    None
 Spectral Weapon          Hex/Chrm       #######.     0%          3    None
 Spider Form              Tmut/Pois      #######...   0%          3    None
 Static Discharge         Conj/Air       #######.     0%          3    None
 Stone Arrow              Conj/Erth      ######       0%          3    None
 Summon Guardian Golem    Hex/Summ       #######.     0%          3    None
 Teleport Other           Tloc           #######.     0%          3    None
 Tukima's Dance           Hex            #######.     0%          3    None
 Vampiric Draining        Necr           #######...   0%          3    None
 Airstrike                Air            #######...   1%          4    None
 Animate Dead             Necr           N/A          1%          4    None
 Cause Fear               Hex            #######...   1%          4    None
 Ice Form                 Ice/Tmut       #######.     1%          4    None
 Leda's Liquefaction      Hex/Erth       #######...   1%          4    None
 Olgreb's Toxic Radiance  Pois           #######.     1%          4    None
 Passage of Golubria      Tloc           N/A          1%          4    None
 Petrify                  Tmut/Erth      #######.     1%          4    None
 Sticky Flame             Conj/Fire      #######.     1%          4    None
 Summon Ice Beast         Ice/Summ       #######.     1%          4    None
 Throw Icicle             Conj/Ice       #######.     1%          4    None
 Alistair's Intoxication  Tmut/Pois      #######.     1%          5    None
 Blade Hands              Tmut           #######...   1%          5    None
 Bolt of Magma            Conj/Fire/Erth #######...   1%          5    None
 Fireball                 Conj/Fire      #######...   1%          5    None
 Irradiate                Conj/Tmut      #######...   1%          5    None
 Iskenderun's Battlesphe  Conj/Chrm      #######.     1%          5    None
 Lee's Rapid Deconstruct  Erth           #######...   1%          5    None
 Lightning Bolt           Conj/Air       #######...   1%          5    None
 Metabolic Englaciation   Hex/Ice        #######...   1%          5    None
 Silence                  Hex/Air        #######...   1%          5    None
 Summon Demon             Summ           #######...   1%          5    None
 Summon Forest            Summ/Tloc      #######...   1%          5    None
 Venom Bolt               Conj/Pois      #######...   1%          5    None
 Yara's Violent Unravell  Hex/Tmut       #######...   1%          5    None
 Bolt of Fire             Conj/Fire      #######...   1%          6    ###....
 Conjure Ball Lightning   Conj/Air       #######...   1%          6    ###....
 Darkness                 Hex            #######...   1%          6    ###....
 Death Channel            Necr           #######...   1%          6    ###....
 Freezing Cloud           Conj/Ice/Air   #######...   1%          6    ###....
 Hydra Form               Tmut           #######...   1%          6    ###....
 Invisibility             Hex            #######.     1%          6    ###....
 Iron Shot                Conj/Erth      #######...   1%          6    ###....
 Poison Arrow             Conj/Pois      #######...   1%          6    ###....
 Shadow Creatures         Summ           N/A          1%          6    ###....
 Simulacrum               Ice/Necr       #######...   1%          6    ###....
 Dragon Form              Tmut           #######...   1%          7    #####..
 Orb of Destruction       Conj           #######...   1%          7    #####..
 Ring of Flames           Chrm/Fire      #######...   1%          7    #####..
 Spellforged Servitor     Conj/Summ      #######...   1%          7    #####..
 Summon Hydra             Summ           #######...   1%          7    #####..
 Chain Lightning          Conj/Air       #######...   8%          8    ######.
 Ignition                 Fire           #######...   8%          8    ######.
 Lehudib's Crystal Spear  Conj/Erth      #######...   8%          8    ######.
 Dragon's Call            Summ           #######...   69%         9    #######
 Fire Storm               Conj/Fire      #######...   69%         9    #######
 Glaciate                 Conj/Ice       #######...   69%         9    #######
 Shatter                  Erth           #######...   69%         9    #######
 Tornado                  Air            #######...   69%         9    #######


Dungeon Overview and Level Annotations

Branches:
Dungeon (15/15)            Temple (0/1) D:6            Lair (6/6) D:11
  Swamp (4/4) Lair:4        Snake (4/4) Lair:2        Slime (5/5) Lair:6
    Orc (2/2) D:12            Elf (3/3) Orc:2        Vaults (5/5) D:13
  Crypt (3/3) Vaults:2       Tomb (0/3) Crypt:3      Depths (5/5) D:15
    Zot (5/5) Depths:5     Bailey (visited)           IceCv (visited)
 WizLab (visited)         Gauntlet (visited)

Altars:
Cheibriados
Dithmenos
Fedhas
Kikubaaqudgha
Makhleb
Nemelex Xobeh
Okawaru
Ru
Sif Muna
Trog
Wu Jian
Xom
Yredelemnul
The Shining One
Beogh
Jiyva

Shops:
D:7 !*!(:   D:9 :[(*   D:15 }=}!   Orc:2 [[%**   Snake:1 [   Snake:2 %
Vaults:1 *   Vaults:2 *

Portals:
Hell: Depths:1 Depths:2 Depths:3 Depths:4 Depths:5
Abyss: Depths:4
Pandemonium: Depths:1 Depths:3 Depths:4
Ziggurat: Depths:2

Annotations:
D:14 Rupert
Swamp:3 exclusion: downstairs, Roxanne
Vaults:2 exclusion: door, Mara
Zot:4 exclusion: orb of fire
Pan Cerebov


Innate Abilities, Weirdness & Mutations

Your experience applies equally to all skills.
You have very sharp teeth.
Your uncanny sense of smell can sniff out nearby items.
You are partially covered in iridescent scales. (AC +2)
You are agile. (Dex +2)
Armour fits poorly on your strangely shaped body.
You are occasionally teleported next to monsters.
You are weak. (Str -2)


Message History

Your red devil hits Cerebov but does no damage.
Your red devil hits Cerebov from afar with a +0 trident!
Your red devil completely misses Cerebov.
Cerebov gestures at your red devil.
A raging storm of fire appears!
The great blast of fire engulfs your red devil!!!
Your red devil partially resists.
Your red devil dies!
The great blast of fire engulfs your ufetubus!!!!
Your ufetubus is burned terribly!
Your ufetubus dies!
The great blast of fire engulfs your red devil!!
Your red devil partially resists.
Your red devil dies!
The great blast of fire engulfs your ynoxinul!!!
Your ynoxinul dies!
Your ufetubus disappears in a puff of smoke!
The great blast of fire engulfs something!!!
The great blast of fire engulfs you!!! You partially resist.
You die...

.2.'○○°...).##)#####
.###○...)..#.......
#○).....########
##).....# ∆∆∆#....!.# #
∆∆∆#......# ##
####∆∆∆#.1....#### .##
###..#####&2........ ..#
####......@v☼☼3...#####
..#∆ ∆#).)......§v§☼4...#
..#∆∆∆#.(........○○○....#
..#####...((.)..v.......#
..........).............#
#########################


You could see Cerebov (unaware), a shadow demon, 3 fire vortices, a friendly sun
demon and a friendly red devil.

Vanquished Creatures
  the Royal Jelly (Slime:5)
  Gloorx Vloq (Pan)
  5 ancient liches
  5 orbs of fire (Zot:5)
  A juggernaut (Depths:4)
  Sojobo (Depths:4)
  7 Killer Klowns
  Margery (Crypt:2)
  Saint Roka (Vaults:4)
  5 curse toes
  4 caustic shrikes (Depths:5)
  A pandemonium lord (Pan)
  14 golden dragons
  A Hellbinder (WizLab)
  3 bone dragons
  A Brimstone Fiend (Pan)
  The ghost of SpeedRobin the Champion of Chaos, an adept DDFi of Makhleb (Vaults:4)
  A hellephant (Abyss:4)
  5 electric golems
  25 tentacled monstrosities
  An Ice Fiend (Pan)
  24 Orb Guardians (Zot:5)
  6 liches
  A Hell Sentinel (Pan)
  Asterion (Depths:2)
  4 deep elf blademasters (Elf:3)
  4 titans
  18 acid blobs
  8 quicksilver dragons
  13 death cobs
  2 deep elf master archers (Elf:3)
  10 Executioners
  8 sphinxes
  17 tentacled starspawn
  9 ancient champions
  Frances (D:12)
  4 thorn hunters
  16 storm dragons
  7 shadow dragons
  2 revenants
  5 draconian monks
  11 tengu reavers
  A nagaraja (Snake:2)
  13 azure jellies
  12 fire giants
  2 daevas (Abyss:4)
  15 balrugs
  5 draconian knights
  2 iron dragons
  A ghost moth (Zot:4)
  A blood saint (WizLab)
  9 frost giants
  3 draconian scorchers
  5 curse skulls
  9 deep elf sorcerers
  5 cacodemons
  19 vault wardens
  4 draconian shifters
  4 deep elf elementalists
  A draconian stormcaller (Zot:5)
  10 very ugly things
  13 ironheart preservers
  15 stone giants
  A corrupter (Pan)
  A draconian annihilator (Zot:3)
  21 green draconians
  2 spriggan defenders (Depths:4)
  2 war gargoyles (Vaults:5)
  19 vampire knights
  A caustic shrike skeleton (D:15)
  A lorocyproca (Pan)
  10 white draconians
  5 dire elephants (Zot:4)
  9 black draconians
  12 deep elf annihilators
  Nessos (Orc:2)
  A minotaur (Gauntlet)
  6 deep elf demonologists
  7 purple draconians
  2 red draconians
  7 spark wasps
  3 yellow draconians
  17 ettins
  An eidolon (Crypt:1)
  A green death (Abyss:4)
  7 deep elf death magi
  6 blizzard demons
  A fire dragon (shapeshifter) (Depths:3)
  3 mummy priests (Crypt:3)
  10 death oozes (Slime:5)
  7 jiangshi
  9 fire dragons
  18 yaktaur captains
  4 deep elf high priests
  7 ice dragons
  8 naga warriors
  2 quicksilver dragon skeletons
  3 hell beasts
  44 vault guards
  8 great orbs of eyes
  9 rakshasas
  3 shambling mangroves
  20 hydras
  6 spriggan air magi
  10 centaur warriors
  A merfolk aquamancer (Depths:4)
  A ghost crab (Swamp:2)
  2 death knights
  5 anacondas
  8 alligators
  A satyr (Abyss:4)
  31 two-headed ogres
  4 deep troll shamans
  20 dancing weapons
  4 spriggan berserkers
  6 tengu warriors
  17 ogre magi
  4 hell hogs (Abyss:3)
  4 shock serpents
  7 naga sharpshooters
  12 vampire magi
  22 thrashing horrors
  Sonja (D:10)
  10 soul eaters
  Urug (Lair:5)
  18 deep elf knights
  16 sun demons
  5 sixfirhies
  8 wretched stars
  A titan skeleton (D:15)
  5 shadow wraiths
  23 skeletal warriors
  3 glowing orange brains
  A salamander mystic (Snake:3)
  3 spatial maelstroms
  13 deep trolls
  2 iron trolls (Depths:3)
  6 hell knights
  2 shadow demons
  A spriggan druid (Swamp:2)
  12 deep elf archers
  2 glowing orange brains (shapeshifter)
  2 wizards
  13 swamp dragons
  4 flayed ghosts
  A torturous demonspawn (Pan)
  3 unseen horrors
  30 starcursed masses
  2 naga ritualists
  A storm dragon skeleton (Pan)
  A sea snake (shapeshifter) (Vaults:5)
  An iron giant skeleton (Crypt:3)
  A golden dragon skeleton (Crypt:3)
  2 necromancers
  4 harpies
  8 ironbrand convokers
  7 orc knights
  51 deep elf magi
  Pikel (D:7)
  A mana viper (shapeshifter) (Depths:1)
  2 shining eyes
  11 phantasmal warriors
  An anaconda skeleton (Crypt:3)
  An oklob plant (D:11)
  2 manticores
  A manticore (shapeshifter) (Elf:3)
  2 moths of wrath (shapeshifter)
  33 ugly things
  4 wolf spiders
  3 orc sorcerers
  3 mana vipers
  A salamander (shapeshifter) (Vaults:2)
  7 salamanders
  28 moths of wrath
  6 cyclopes
  3 elephants (Zot:4)
  2 stone giant skeletons
  A fire giant skeleton (Crypt:1)
  A frost giant skeleton (Pan)
  9 worldbinders
  3 rust devils
  A black mamba (shapeshifter) (Vaults:3)
  28 black mambas
  A guardian serpent (Abyss:4)
  14 vault sentinels
  An eye of devastation (Slime:3)
  2 apocalypse crabs
  An ice statue (Depths:5)
  2 guardian serpents (shapeshifter)
  A storm dragon simulacrum (Crypt:1)
  11 smoke demons
  19 naga magi
  10 orange demons
  A shock serpent skeleton (Crypt:2)
  2 water nymphs (Abyss:4)
  3 hellions
  7 komodo dragons
  A rime drake (shapeshifter) (Vaults:2)
  A dire elephant skeleton (Abyss:4)
  6 spiny frogs
  A spiny frog (shapeshifter) (Vaults:3)
  3 kobold demonologists
  60 yaktaurs
  2 ice devils
  4 efreet
  7 freezing wraiths
  A yaktaur (shapeshifter) (Vaults:2)
  2 redback zombies
  7 demonic crawlers (Pan)
  2 hellwings
  2 komodo dragons (shapeshifter)
  11 ancient zymes
  A grey draconian skeleton (Crypt:2)
  A green draconian skeleton (Crypt:3)
  A yaktaur skeleton (Vaults:4)
  A catoblepas skeleton (Crypt:2)
  A tormentor (Pan)
  4 tengu conjurers
  10 guardian mummies (Crypt:3)
  13 polar bears
  A harpy zombie (Crypt:3)
  2 merfolk (Depths:4)
  14 red devils
  A meliai (shapeshifter) (Vaults:5)
  A minotaur skeleton (Crypt:1)
  2 meliai (D:15)
  12 trolls
  16 hornets
  3 hydra skeletons
  15 tyrant leeches
  2 jumping spiders (shapeshifter)
  5 blink frogs
  An iron dragon simulacrum (Abyss:4)
  2 ettin zombies
  43 large abominations
  15 raiju
  19 bog bodies
  19 hippogriffs
  An ice dragon zombie (Crypt:3)
  62 slime creatures
  3 dream sheep
  Prince Ribbit (D:7)
  A fire giant simulacrum (Depths:2)
  6 flying skulls (Depths:2)
  4 meliai zombies
  8 redbacks (Elf:1)
  9 spriggans
  3 vampires
  15 ynoxinuls
  6 water elementals
  7 shadows
  3 wyverns
  12 humans
  4 air elementals
  5 wraiths
  An ushabti (Crypt:3)
  6 fire elementals
  12 golden eyes
  A steam dragon (D:12)
  A hog (shapeshifter) (Vaults:5)
  A basilisk (D:11)
  A basilisk (shapeshifter) (Vaults:2)
  23 yaks
  5 neqoxecs
  8 vampire mosquitoes
  12 chaos spawn
  A yaktaur simulacrum (Vaults:1)
  19 swamp worms
  A soldier ant (D:12)
  5 insubstantial wisps (Abyss:4)
  3 spatial vortices (Abyss:2)
  26 nagas
  An acid dragon (shapeshifter) (Depths:3)
  4 wargs
  9 water moccasins
  An acid dragon (D:13)
  5 floating eyes
  A hell hound (Depths:2)
  3 porcupines
  33 orc warriors
  A deep troll skeleton (Crypt:1)
  6 black bears
  2 slaves
  A spiny frog skeleton (Pan)
  9 swamp drakes
  3 ice beasts
  3 sky beasts
  A black bear (shapeshifter) (D:15)
  5 eyes of draining
  53 ogres
  A phantom (D:8)
  29 centaurs
  37 wolves
  12 boggarts
  A black mamba simulacrum (Crypt:1)
  An ettin simulacrum (Crypt:1)
  9 crocodiles
  A rime drake zombie (Crypt:2)
  4 big kobolds
  A fire crab zombie (Crypt:2)
  An octopode zombie (Crypt:2)
  6 earth elementals
  10 bullfrogs
  15 jellies
  A gnoll sergeant (D:12)
  A hippogriff skeleton (Crypt:3)
  8 scorpions
  3 killer bees (D:12)
  A spriggan zombie (Crypt:3)
  A manticore simulacrum (Crypt:1)
  12 wights
  3 electric eels
  A howler monkey (D:5)
  11 crimson imps
  A human simulacrum (Vaults:2)
  2 quasits
  3 bullfrog zombies
  11 small abominations
  5 centaur zombies
  8 hounds
  11 orc priests
  2 bullfrog skeletons
  3 centaur skeletons
  3 iron imps
  A basilisk skeleton (Crypt:3)
  Jessica (D:2)
  3 iguanas
  Natasha (D:3)
  15 orc wizards
  5 worker ants
  A killer bee zombie (D:5)
  A hound skeleton (D:11)
  A mummy (D:5)
  A worker ant zombie (D:2)
  8 gnolls
  A tengu simulacrum (Abyss:3)
  19 adders
  A steam dragon skeleton (Crypt:1)
  6 shadow imps
  16 white imps
  2 ufetubi
  An ooze (D:6)
  A halfling skeleton (Crypt:1)
  A halfling zombie (Crypt:2)
  An adder skeleton (D:9)
  A lava snake skeleton (Crypt:3)
  2 worms
  6 leopard geckos
  104 orcs
  2 ball pythons (D:2)
  7 bats
  5 giant cockroaches
  7 goblins
  9 hobgoblins
  7 jackals
  4 quokkas
  A dart slug zombie (Crypt:3)
  5 frilled lizards
  A jackal skeleton (D:5)
  15 kobolds
  12 rats
  2 briar patches (Abyss:4)
  3 bushes
  2 crawling corpses (Elf:3)
  A demonic plant (Abyss:4)
  A fire vortex (Abyss:3)
  A fungus (Lair:4)
  12 starspawn tentacles
2611 creatures vanquished.

Vanquished Creatures (collateral kills)
  A Killer Klown (Zot:4)
  the Lernaean hydra (Swamp:4)
  A curse toe (Zot:3)
  A tentacled monstrosity (Zot:1)
  An Orb Guardian (Zot:5)
  2 sphinxes
  3 acid blobs
  A thorn hunter (Swamp:3)
  3 tengu reavers
  8 nagarajas (Snake:4)
  A shadow dragon (Zot:3)
  A storm dragon (Zot:3)
  2 fire giants
  A draconian scorcher (Zot:3)
  2 deep elf sorcerers (Elf:3)
  A balrug (Pan)
  Aizul (Elf:2)
  A draconian annihilator (Zot:1)
  A deep elf elementalist (Elf:3)
  3 vault wardens
  3 stone giants
  3 ironheart preservers
  3 deep elf demonologists
  3 yellow draconians
  A white draconian (Zot:3)
  A deep elf annihilator (Elf:1)
  A red draconian (Zot:5)
  The ghost of coffeespoons the Fighter, a journeyman OpWr of Gozag (Lair:4)
  3 fire dragons
  4 yaktaur captains
  2 great orbs of eyes
  2 ice dragons
  3 vault guards
  4 naga warriors
  A spriggan air mage (Depths:2)
  5 hydras
  3 rakshasas
  An alligator (Swamp:3)
  5 centaur warriors
  4 ogre magi
  7 two-headed ogres
  A tengu warrior (D:13)
  4 naga sharpshooters
  2 vampire magi
  A deep troll earth mage (Depths:3)
  A deep troll shaman (Depths:3)
  A large abomination (Abyss:2)
  A salamander mystic (Snake:4)
  6 deep elf knights
  A fire crab (shapeshifter) (Depths:5)
  2 skeletal warriors
  11 deep elf archers
  2 glowing orange brains
  3 flayed ghosts
  2 deep trolls
  2 naga ritualists
  4 ironbrand convokers
  A harpy (Vaults:3)
  A shadow demon (WizLab)
  A golden dragon skeleton (D:15)
  2 wizards
  3 necromancers
  3 mana vipers
  An oklob plant (D:11)
  2 wolf spiders
  An orc knight (Vaults:1)
  14 deep elf magi
  A frost giant zombie (D:15)
  A shining eye (Slime:3)
  6 slime creatures
  A salamander (Snake:1)
  2 cyclopes (D:15)
  10 ugly things
  An orc sorcerer (Vaults:3)
  2 moths of wrath (Zot:3)
  4 vault sentinels
  An ice statue (IceCv)
  2 elephants
  4 black mambas
  12 naga magi
  2 orange demons
  A smoke demon (Abyss:2)
  A storm dragon simulacrum (Vaults:4)
  A spiny frog (Swamp:3)
  A rime drake (shapeshifter) (Vaults:1)
  A kobold demonologist (D:13)
  15 yaktaurs
  2 freezing wraiths
  2 tengu conjurers
  5 polar bears
  2 red devils (WizLab)
  A meliai (D:15)
  A hornet (Swamp:3)
  4 bog bodies
  An ice dragon zombie (Crypt:1)
  A hippogriff (D:15)
  A tyrant leech (Swamp:4)
  A blink frog (Lair:6)
  A fire dragon skeleton (Crypt:1)
  3 spriggans
  A water elemental (Elf:2)
  A fire elemental (Elf:2)
  2 humans (D:13)
  5 yaks
  2 golden eyes (Slime:4)
  4 vampire mosquitoes
  A swamp worm (Swamp:1)
  16 nagas
  A floating eye (Depths:4)
  3 swamp drakes
  6 orc warriors
  An eye of draining (Slime:2)
  A black bear (Lair:6)
  5 ogres
  6 boggarts
  A wolf (IceCv)
  A centaur (D:14)
  A crocodile (Lair:5)
  A bullfrog (D:15)
  2 wights (D:14)
  An orc priest (Vaults:2)
  An iguana (D:14)
  3 orcs
  6 kobolds
  2 briar patches (Swamp:3)
  A lurking horror (Abyss:2)
  A plant (Depths:2)
339 creatures vanquished.

Vanquished Creatures (others)
  2 dancing weapons (Elf:2)
  2 sun demons (Pan)
  A wretched star (Abyss:4)
  A deep elf mage (Elf:3)
  A water elemental (Elf:2)
  2 golden eyes
  A chaos spawn (Abyss:4)
  5 briar patches
  3 demonic plants (Abyss:4)
  2 fire vortices (Pan)
  14 fungi
  A lurking horror (Abyss:4)
  14 plants
  15 starspawn tentacles
64 creatures vanquished.

Grand Total: 3014 creatures vanquished

Notes
Turn   | Place    | Note
-------+----------+-------------------------------------------
     0 | D:1      | erloom the Gnoll Wanderer began the quest for the Orb.
     0 | D:1      | erloom set off with the following items: a +2 dagger, a
                  | scroll of blinking, a potion of lignification, a +0
                  | falchion, a +0 robe, a ration
     0 | D:1      | Reached XP level 1. HP: 26/26 MP: 1/1
   134 | D:1      | Found a shimmering altar of Xom.
   136 | D:1      | Reached XP level 2. HP: 30/33 MP: 2/2
   495 | D:1      | Reached XP level 3. HP: 37/38 MP: 3/3
  1034 | D:2      | Reached skill level 1 in Invocations
  1067 | D:2      | Noticed Jessica
  1086 | D:2      | Killed Jessica
  1086 | D:2      | Reached skill level 1 in Short Blades
  1086 | D:2      | Reached skill level 1 in Axes
  1086 | D:2      | Reached skill level 1 in Maces & Flails
  1086 | D:2      | Reached skill level 1 in Polearms
  1086 | D:2      | Reached skill level 1 in Staves
  1086 | D:2      | Reached skill level 1 in Slings
  1086 | D:2      | Reached skill level 1 in Bows
  1086 | D:2      | Reached skill level 1 in Crossbows
  1086 | D:2      | Reached skill level 1 in Armour
  1086 | D:2      | Reached skill level 1 in Dodging
  1086 | D:2      | Reached skill level 1 in Shields
  1086 | D:2      | Reached skill level 1 in Unarmed Combat
  1086 | D:2      | Reached skill level 1 in Spellcasting
  1086 | D:2      | Reached skill level 1 in Evocations
  1086 | D:2      | Reached XP level 4. HP: 20/45 MP: 5/5
  1629 | D:2      | Reached skill level 1 in Conjurations
  1629 | D:2      | Reached skill level 1 in Hexes
  1629 | D:2      | Reached skill level 1 in Charms
  1629 | D:2      | Reached skill level 1 in Summonings
  1629 | D:2      | Reached skill level 1 in Necromancy
  1629 | D:2      | Reached skill level 1 in Translocations
  1629 | D:2      | Reached skill level 1 in Transmutations
  1629 | D:2      | Reached skill level 1 in Fire Magic
  1629 | D:2      | Reached skill level 1 in Ice Magic
  1629 | D:2      | Reached skill level 1 in Air Magic
  1629 | D:2      | Reached skill level 1 in Earth Magic
  1629 | D:2      | Reached skill level 1 in Poison Magic
  2076 | D:2      | Reached XP level 5. HP: 46/51 MP: 6/6
  2414 | D:3      | Found an ancient bone altar of Kikubaaqudgha.
  2522 | D:3      | Noticed Natasha
  2531 | D:3      | Killed Natasha
  2722 | D:4      | Found an ornate altar of the Wu Jian Council.
  2747 | D:4      | Reached XP level 6. HP: 57/57 MP: 8/8
  2863 | D:4      | Reached skill level 2 in Invocations
  3062 | D:5      | Entered Level 5 of the Dungeon
  3072 | D:5      | Learned a level 1 spell: Apportation
  3178 | D:5      | Noticed an ice beast
  3185 | D:5      | Killed an ice beast
  3185 | D:5      | Reached skill level 5 in Long Blades
  3254 | D:5      | Reached XP level 7. HP: 58/63 MP: 10/10
  3589 | D:5      | Found a glowing golden altar of the Shining One.
  3594 | D:5      | Found a basalt altar of Yredelemnul.
  3596 | D:5      | Noticed a profane servitor
  3642 | D:5      | Found a snail-covered altar of Cheibriados.
  3653 | D:5      | Became a worshipper of Cheibriados the Contemplative
  4213 | D:5      | Noticed an angel
  4265 | D:6      | Reached skill level 3 in Invocations
  4349 | D:6      | Reached * piety under Cheibriados
  4419 | D:6      | Found a staircase to the Ecumenical Temple.
  4442 | D:6      | Reached XP level 8. HP: 54/71 MP: 7/12
  4674 | D:6      | Found a sparkling altar of Nemelex Xobeh.
  4725 | D:6      | Found a bloodstained altar of Trog.
  4826 | D:6      | Found a shimmering altar of Xom.
  5164 | D:7      | Noticed a troll
  5272 | D:7      | Reached skill level 4 in Invocations
  5295 | D:7      | Found a sparkling altar of Nemelex Xobeh.
  5353 | D:7      | Found an iron altar of Okawaru.
  5354 | D:7      | Noticed Prince Ribbit
  5374 | D:7      | Killed a troll
  5374 | D:7      | Reached XP level 9. HP: 69/77 MP: 8/14
  5532 | D:7      | Found Muedok's Distillery.
  5535 | D:7      | Bought a potion of curing for 33 gold pieces
  5535 | D:7      | Bought a potion of might for 44 gold pieces
  5535 | D:7      | Bought 2 potions of agility for 88 gold pieces
  5611 | D:7      | Found Eraybann's Assorted Antiques.
  5617 | D:7      | Bought a scroll of identify for 62 gold pieces
  5617 | D:7      | Bought a scroll labeled TOBISU SUDU for 31 gold pieces
  5617 | D:7      | Bought a silvery potion for 27 gold pieces
  5617 | D:7      | Bought a scroll labeled GAKKEO SIESK for 31 gold pieces
  5641 | D:7      | Found Gidaofics's Weapon Emporium.
  5711 | D:7      | Killed Prince Ribbit
  5716 | D:7      | Found Keust's Distillery.
  5719 | D:7      | Bought a potion of invisibility for 96 gold pieces
  5719 | D:7      | Bought a potion of heal wounds for 60 gold pieces
  5766 | D:7      | Found Bausuegg's Book Emporium.
  5823 | D:7      | Found a shimmering blue altar of Sif Muna.
  5845 | D:7      | Reached ** piety under Cheibriados
  6024 | D:8      | Reached skill level 5 in Throwing
  6113 | D:8      | Noticed a two-headed ogre
  6122 | D:8      | Killed a two-headed ogre
  6122 | D:8      | Reached skill level 5 in Invocations
  6180 | D:8      | Found a sacrificial altar of Ru.
  6276 | D:8      | Found a burning altar of Makhleb.
  6345 | D:8      | Found a shadowy altar of Dithmenos.
  6496 | D:9      | Found Isoitra's Book Shop.
  6568 | D:9      | Reached XP level 10. HP: 84/84 MP: 15/17
  6594 | D:9      | Found Lyemoami's Weapon Shop.
  6662 | D:9      | Reached *** piety under Cheibriados
  6677 | D:9      | Identified the cursed +1 ring mail of Hiblabof {-Cast rF++
                  | rC+++ Int-4}
  6740 | D:9      | Noticed a three-headed hydra
  6842 | D:9      | Found Cadghat's Armour Emporium.
  6876 | D:9      | Found Veasyubb's Assorted Antiques.
  6960 | D:9      | Reached skill level 5 in Short Blades
  6960 | D:9      | Reached skill level 5 in Axes
  6960 | D:9      | Reached skill level 5 in Maces & Flails
  6960 | D:9      | Reached skill level 5 in Polearms
  6960 | D:9      | Reached skill level 5 in Staves
  6960 | D:9      | Reached skill level 5 in Slings
  6960 | D:9      | Reached skill level 5 in Bows
  6960 | D:9      | Reached skill level 5 in Crossbows
  6960 | D:9      | Reached skill level 5 in Armour
  6960 | D:9      | Reached skill level 5 in Dodging
  6960 | D:9      | Reached skill level 5 in Shields
  6960 | D:9      | Reached skill level 5 in Unarmed Combat
  6960 | D:9      | Reached skill level 5 in Spellcasting
  6960 | D:9      | Reached skill level 5 in Evocations
  7035 | D:9      | Killed a three-headed hydra
  7035 | D:9      | Reached skill level 10 in Fighting
  7237 | D:9      | Found Kosa's Book Shoppe.
  7441 | D:10     | Entered Level 10 of the Dungeon
  7546 | D:9      | Reached skill level 6 in Invocations
  7599 | D:10     | Found a flagged portal.
  7609 | Bailey   | Entered a bailey
  7623 | Bailey   | Reached **** piety under Cheibriados
  8019 | Bailey   | Reached XP level 11. HP: 91/91 MP: 19/19
  8521 | D:10     | Noticed Sonja
  8528 | D:10     | Killed Sonja
  8528 | D:10     | Reached ***** piety under Cheibriados
  8574 | D:10     | Reached skill level 5 in Conjurations
  8574 | D:10     | Reached skill level 5 in Hexes
  8574 | D:10     | Reached skill level 5 in Charms
  8574 | D:10     | Reached skill level 5 in Summonings
  8574 | D:10     | Reached skill level 5 in Necromancy
  8574 | D:10     | Reached skill level 5 in Translocations
  8574 | D:10     | Reached skill level 5 in Transmutations
  8574 | D:10     | Reached skill level 5 in Fire Magic
  8574 | D:10     | Reached skill level 5 in Ice Magic
  8574 | D:10     | Reached skill level 5 in Air Magic
  8574 | D:10     | Reached skill level 5 in Earth Magic
  8574 | D:10     | Reached skill level 5 in Poison Magic
  8700 | D:10     | Found a blossoming altar of Fedhas.
  9182 | D:10     | Learned a level 2 spell: Sticks to Snakes
  9213 | D:11     | Noticed a purple ugly thing
  9291 | D:11     | Learned a level 4 spell: Summon Lightning Spire
  9660 | D:11     | Noticed a two-headed ogre
  9670 | D:11     | Killed a two-headed ogre
  9670 | D:11     | Reached skill level 7 in Invocations
  9754 | D:11     | Noticed an oklob plant
  9772 | D:11     | Noticed an oklob plant
  9853 | D:11     | Killed a purple ugly thing
 10365 | D:11     | Found a staircase to the Lair.
 10412 | D:11     | Killed an oklob plant
 10529 | D:11     | Killed an oklob plant
 10576 | Lair:1   | Entered Level 1 of the Lair of Beasts
 10683 | Lair:1   | Reached skill level 8 in Invocations
 10683 | Lair:1   | Reached XP level 12. HP: 100/100 MP: 22/22
 10772 | Lair:1   | Noticed a five-headed hydra
 10781 | Lair:1   | Killed a four-headed hydra
 10781 | Lair:1   | Reached XP level 13. HP: 78/106 MP: 15/24
 11253 | Lair:2   | Found a staircase to the Snake Pit.
 12286 | Lair:3   | Found a gate leading to a gauntlet.
 12292 | Gauntlet | Entered a Gauntlet
 12292 | Gauntlet | Found a transporter.
 12295 | Gauntlet | Found a transporter.
 12296 | Gauntlet | Found a transporter.
 12298 | Gauntlet | Found a transporter.
 12300 | Gauntlet | Found a transporter.
 12302 | Gauntlet | Found a transporter.
 12309 | Gauntlet | Found a transporter.
 12422 | Gauntlet | Found a transporter.
 12452 | Gauntlet | Got a sparkling sapphire amulet
 12460 | Gauntlet | Identified the amulet "Iblezxir" {Inacc rElec MP+9} (You
                  | found it in a Gauntlet)
 12482 | Gauntlet | Noticed a minotaur
 12493 | Gauntlet | Killed a minotaur
 12575 | Lair:3   | Learned a level 5 spell: Borgnjor's Vile Clutch
 13452 | Lair:4   | Found a runed translucent door.
 13535 | Lair:4   | Noticed coffeespoons's ghost (journeyman OpWr)
 13558 | Lair:4   | Killed coffeespoons's ghost
 13558 | Lair:4   | Reached skill level 10 in Stealth
 13674 | Lair:4   | Identified the Grimoire of Enthralling Summoning
 13698 | Lair:4   | Reached ****** piety under Cheibriados
 14084 | D:9      | Bought a dazzling battleaxe for 368 gold pieces
 14085 | D:9      | Identified the +5 battleaxe of Garch {flame, MR+ Int+3
                  | Stlth+} (You bought it in a shop on level 9 of the Dungeon)
 14579 | Lair:4   | Found a staircase to the Swamp.
 14735 | Lair:5   | Reached skill level 9 in Invocations
 14787 | Lair:5   | Noticed Urug
 14793 | Lair:5   | Killed Urug
 15004 | Lair:5   | Got a translucent hand crossbow
 15527 | Lair:6   | Entered Level 6 of the Lair of Beasts
 15581 | Lair:6   | Found a frozen archway.
 15613 | IceCv    | Entered an ice cave
 15813 | IceCv    | Reached XP level 14. HP: 67/114 MP: 15/26
 15961 | IceCv    | Noticed a frost giant
 15971 | IceCv    | Killed a frost giant
 16064 | IceCv    | Got a blackened great mace
 16153 | IceCv    | Identified the +0 great mace "Effinkez" {crush, *Rage
                  | Str+4} (You found it in an ice cave)
 16461 | Lair:6   | Found a staircase to the Slime Pits.
 16981 | Lair:6   | Reached skill level 10 in Long Blades
 18150 | D:12     | Reached skill level 10 in Invocations
 18327 | D:12     | Noticed Frances
 18521 | D:12     | Found a staircase to the Orcish Mines.
 18551 | Orc:1    | Entered Level 1 of the Orcish Mines
 18979 | Orc:2    | Entered Level 2 of the Orcish Mines
 19141 | Orc:2    | Noticed Nessos
 19146 | Orc:2    | Reached XP level 15. HP: 81/122 MP: 16/28
 19159 | Orc:2    | Killed Nessos
 19393 | Orc:2    | Found Zavief's Armour Shop.
 19402 | Orc:2    | Found Xiwit's Armour Shop.
 19410 | Orc:2    | Found Punk's Food Emporium.
 19414 | Orc:2    | Bought a +2 ring mail of poison resistance for 288 gold
                  | pieces
 19414 | Orc:2    | Bought a +0 pair of gloves of strength for 184 gold pieces
 19442 | Orc:2    | Reached skill level 10 in Throwing
 19457 | Orc:2    | Found Nufu's General Store.
 19466 | Orc:2    | Bought a scroll of enchant armour for 90 gold pieces
 19541 | Orc:2    | Found Kelaosh's General Store.
 19559 | Orc:2    | Bought a scroll of identify for 30 gold pieces
 19559 | Orc:2    | Bought a potion of heal wounds for 75 gold pieces
 19559 | Orc:2    | Bought a scroll of enchant weapon for 112 gold pieces
 19657 | Orc:2    | Found a staircase to the Elven Halls.
 19926 | Orc:2    | Found a roughly hewn altar of Beogh.
 21169 | D:13     | Identified the cursed +1 plate armour of Salvation {rPois
                  | Int+3 Slay+2}
 21346 | D:13     | Got jewelled fire dragon scales
 21740 | D:13     | Found a gate to the Vaults.
 21940 | D:14     | Reached skill level 10 in Short Blades
 21940 | D:14     | Reached skill level 10 in Axes
 21940 | D:14     | Reached skill level 10 in Maces & Flails
 21940 | D:14     | Reached skill level 10 in Polearms
 21940 | D:14     | Reached skill level 10 in Staves
 21940 | D:14     | Reached skill level 10 in Slings
 21940 | D:14     | Reached skill level 10 in Bows
 21940 | D:14     | Reached skill level 10 in Crossbows
 21940 | D:14     | Reached skill level 10 in Armour
 21940 | D:14     | Reached skill level 10 in Dodging
 21940 | D:14     | Reached skill level 10 in Shields
 21940 | D:14     | Reached skill level 10 in Unarmed Combat
 21940 | D:14     | Reached skill level 10 in Spellcasting
 21940 | D:14     | Reached skill level 10 in Evocations
 22090 | D:14     | Noticed Rupert
 22755 | D:15     | Entered Level 15 of the Dungeon
 22817 | D:15     | Found Xogoliod's Gadget Emporium.
 22839 | D:15     | Reached skill level 11 in Invocations
 22929 | D:15     | Found Udghar's Jewellery Emporium.
 23153 | D:15     | Found a staircase to the Depths.
 23162 | D:15     | Reached XP level 16. HP: 129/129 MP: 25/30
 23264 | D:15     | Found Midiutea's Gadget Shoppe.
 23310 | D:15     | Found Lietrot's Distillery.
 23366 | D:15     | Bought a potion of resistance for 160 gold pieces
 23366 | D:15     | Bought a potion of curing for 48 gold pieces
 23366 | D:15     | Bought a potion of curing for 48 gold pieces
 23634 | D:15     | Identified the +8 hand crossbow of Laceration {venom, rN+
                  | Int+5 SInv} (You found it on level 5 of the Lair of Beasts)
 23770 | D:12     | Killed Frances
 24012 | Swamp:1  | Entered Level 1 of the Swamp
 25031 | Swamp:2  | Noticed a thorn hunter
 25242 | Swamp:2  | Killed a thorn hunter
 25248 | Swamp:2  | Identified the cursed +1 fire dragon scales of the Game of
                  | Kings {rF++ rC- rCorr Dex-4 Slay+2} (You found it on level
                  | 13 of the Dungeon)
 25887 | Swamp:2  | Learned a level 6 spell: Statue Form
 26064 | Swamp:3  | Noticed a thorn hunter
 26074 | Swamp:3  | Killed a thorn hunter
 26909 | Swamp:3  | Identified Roxanne's Reference Book on Shape Shifting
 26909 | Swamp:3  | Noticed Roxanne
 27741 | Swamp:4  | Entered Level 4 of the Swamp
 27741 | Swamp:4  | Noticed a thorn hunter
 27741 | Swamp:4  | Noticed a thorn hunter
 27749 | Swamp:3  | Killed a thorn hunter
 27813 | Swamp:4  | Killed a thorn hunter
 28245 | Swamp:4  | Reached XP level 17. HP: 99/137 MP: 27/32
 28466 | Swamp:4  | Reached skill level 12 in Invocations
 28831 | Swamp:4  | Noticed the 27-headed Lernaean hydra
 28838 | Swamp:4  | Killed the 27-headed Lernaean hydra
 28889 | Swamp:4  | Got a decaying rune of Zot
 29399 | Snake:1  | Entered Level 1 of the Snake Pit
 29400 | Snake:1  | Upgraded the game from 0.24.0-28-g17ded55e90 to
                  | 0.24.0-29-g8ce449bc06
 29439 | Snake:1  | Identified the +3 leather armour of Surprise {Regen+}
 30195 | Snake:1  | Learned a level 3 spell: Conjure Flame
 30453 | Snake:1  | Found Xaurafets's Antique Armour Emporium.
 30873 | Snake:2  | Found Suwkamp's Food Shoppe.
 30873 | Snake:2  | You fall into a shaft and drop 1 floor!
 30879 | Snake:3  | Cast into level 2 of the Abyss (naga warrior)
 31025 | Snake:3  | Escaped the Abyss
 31420 | Snake:1  | Bought the -2 hat of the Alchemist {rElec rPois rF+ rC+ rN+
                  | MR+ rMut rCorr} for 1416 gold pieces
 31420 | Snake:1  | Found the -2 hat of the Alchemist {rElec rPois rF+ rC+ rN+
                  | MR+ rMut rCorr}
 31944 | Snake:2  | Identified a scroll of acquirement
 32347 | Snake:3  | Got a glittering golden amulet
 32349 | Snake:3  | Identified the amulet "Xearebes" {rElec Regen+ Int-4 Dex+4
                  | Stlth+} (You acquired it on level 3 of the Snake Pit)
 32580 | Snake:3  | Found the +12 Vampire's Tooth {vamp}
 32750 | Snake:4  | Entered Level 4 of the Snake Pit
 33339 | Snake:4  | Reached XP level 18. HP: 145/145 MP: 28/33
 33345 | Snake:4  | Reached skill level 10 in Conjurations
 33345 | Snake:4  | Reached skill level 10 in Hexes
 33345 | Snake:4  | Reached skill level 10 in Charms
 33345 | Snake:4  | Reached skill level 10 in Summonings
 33345 | Snake:4  | Reached skill level 10 in Necromancy
 33345 | Snake:4  | Reached skill level 10 in Translocations
 33345 | Snake:4  | Reached skill level 10 in Transmutations
 33345 | Snake:4  | Reached skill level 10 in Fire Magic
 33345 | Snake:4  | Reached skill level 10 in Ice Magic
 33345 | Snake:4  | Reached skill level 10 in Air Magic
 33345 | Snake:4  | Reached skill level 10 in Earth Magic
 33345 | Snake:4  | Reached skill level 10 in Poison Magic
 33808 | Snake:4  | Got a serpentine rune of Zot
 34311 | Snake:1  | Bought an embroidered scarf for 240 gold pieces
 34486 | Vaults:1 | Entered Level 1 of the Vaults
 35034 | Vaults:1 | Reached skill level 13 in Invocations
 35741 | Vaults:1 | Found Biugir's General Store.
 35747 | Vaults:1 | Bought a scroll of magic mapping for 56 gold pieces
 36529 | Vaults:2 | Noticed Mara
 36597 | Vaults:2 | Reached XP level 19. HP: 153/153 MP: 35/35
 37337 | Vaults:2 | Found Jodd's General Store.
 37363 | Vaults:2 | Bought a scroll of teleportation for 57 gold pieces
 37363 | Vaults:2 | Bought a scroll of teleportation for 57 gold pieces
 37471 | Vaults:2 | Got a dazzling shield
 37524 | Vaults:2 | Identified the +2 shield of Axzuhoq Seuw {rN++ Str+3
                  | Slay+3} (You found it on level 2 of the Vaults)
 37575 | Vaults:2 | Found a staircase to the Crypt.
 38139 | Vaults:3 | Identified the +1 scimitar of Yredelemnul's Esteem {slice,
                  | +Rage rF+ Stlth+} (You found it on level 3 of the Vaults)
 38379 | Vaults:3 | Identified the +7 great sword of Qyclide {slice, rElec rC+}
                  | (You found it on level 3 of the Vaults)
 38545 | Vaults:3 | Reached XP level 20. HP: 111/161 MP: 32/36
 38782 | Vaults:3 | Reached skill level 15 in Fighting
 38782 | Vaults:3 | Reached skill level 14 in Invocations
 39099 | Vaults:4 | Noticed Saint Roka
 39118 | Vaults:4 | Killed Saint Roka
 40004 | Vaults:4 | Found a runed translucent gate.
 40004 | Vaults:4 | Found a runed translucent gate.
 40004 | Vaults:4 | Found a runed translucent gate.
 40009 | Vaults:4 | Noticed SpeedRobin's ghost (adept DDFi)
 40098 | Vaults:4 | Killed SpeedRobin's ghost
 40231 | Vaults:4 | Got a smoking cloak
 40242 | Vaults:4 | Identified the cursed +0 cloak of Amorality {rC- MR++ Int-5
                  | Dex+10} (You found it on level 4 of the Vaults)
 40767 | Elf:1    | Entered Level 1 of the Elven Halls
 41000 | Elf:1    | Reached XP level 21. HP: 153/169 MP: 17/38
 41087 | Elf:1    | Identified Xaihosuu's Volume of Summoning
 41095 | Elf:1    | Learned a level 5 spell: Aura of Abjuration
 41101 | Elf:1    | Learned a level 5 spell: Summon Mana Viper
 41445 | Elf:2    | Found a runed translucent gate.
 41445 | Elf:2    | Found a runed translucent gate.
 41446 | Elf:2    | Found a runed translucent gate.
 41529 | Elf:2    | Noticed Aizul
 41537 | Elf:2    | Killed Aizul
 41991 | Elf:3    | Entered Level 3 of the Elven Halls
 42023 | Elf:3    | Paralysed by a floating eye for 4 turns
 42323 | Elf:3    | Identified the cursed +0 chain mail of Apathy {MR+++}
 42329 | Elf:3    | Reached skill level 15 in Invocations
 42333 | Elf:3    | Identified the ring of Box Puit {Wiz rC+ MR+}
 42333 | Elf:3    | Identified the +6 scale mail of the Stallion {rF+ Str+8
                  | Dex-4}
 42609 | Elf:3    | Identified the cursed +1 quarterstaff of Twilight {flame,
                  | rElec Dex-3 SInv}
 42609 | Elf:3    | Identified the cursed +0 leather armour of Egalitarianism
                  | {rF+ Int+2 Stlth+}
 42657 | Elf:3    | Identified the +8 dagger of the Volcano {drain, +Fly rPois}
 42709 | Elf:3    | Identified the cursed +0 glaive of Etadeehao {drain, +Blink
                  | rPois MR++ Stlth+} (You found it on level 3 of the Elven
                  | Halls)
 42745 | Elf:3    | Learned a level 2 spell: Blink
 42820 | Elf:3    | Reached skill level 15 in Stealth
 43013 | Elf:3    | Got a brightly glowing lead amulet
 43015 | Elf:3    | Identified the amulet of Taforhet {Regen+ Dex+4} (You
                  | acquired it on level 3 of the Elven Halls)
 43383 | Crypt:1  | Entered Level 1 of the Crypt
 43415 | Crypt:1  | Reached XP level 22. HP: 149/177 MP: 33/40
 43568 | Crypt:1  | Identified the Incunabulum of Intuition
 43587 | Crypt:1  | You fall into a shaft and drop 1 floor!
 43907 | D:15     | Bought a +6 ring of slaying for 2013 gold pieces
 44277 | Vaults:5 | Entered Level 5 of the Vaults
 44850 | Vaults:5 | Reached skill level 15 in Long Blades
 44901 | Vaults:5 | Identified the cursed +0 scale mail of the Stallion {SInv}
                  | (You found it on level 5 of the Vaults)
 45337 | Vaults:5 | Noticed an ancient lich
 45348 | Vaults:5 | Killed an ancient lich
 45435 | Vaults:5 | Reached XP level 23. HP: 161/185 MP: 37/41
 45565 | Vaults:5 | Identified the ring "Nereott" {+Fly rF+ Str-2 Int+2}
 45818 | Vaults:5 | Got a silver rune of Zot
 45852 | Vaults:5 | Reached skill level 15 in Throwing
 46118 | Vaults:5 | Reached skill level 16 in Invocations
 46805 | Crypt:2  | Reached skill level 15 in Short Blades
 46805 | Crypt:2  | Reached skill level 15 in Axes
 46805 | Crypt:2  | Reached skill level 15 in Maces & Flails
 46805 | Crypt:2  | Reached skill level 15 in Polearms
 46805 | Crypt:2  | Reached skill level 15 in Staves
 46805 | Crypt:2  | Reached skill level 15 in Slings
 46805 | Crypt:2  | Reached skill level 15 in Bows
 46805 | Crypt:2  | Reached skill level 15 in Crossbows
 46805 | Crypt:2  | Reached skill level 15 in Armour
 46805 | Crypt:2  | Reached skill level 15 in Dodging
 46805 | Crypt:2  | Reached skill level 15 in Shields
 46805 | Crypt:2  | Reached skill level 15 in Unarmed Combat
 46805 | Crypt:2  | Reached skill level 15 in Spellcasting
 46805 | Crypt:2  | Reached skill level 15 in Evocations
 47098 | Crypt:2  | Noticed Margery
 47109 | Crypt:2  | Killed Margery
 47628 | Crypt:3  | Entered Level 3 of the Crypt
 47954 | Crypt:3  | Reached XP level 24. HP: 188/193 MP: 42/42
 48291 | Crypt:3  | Found an ancient bone altar of Kikubaaqudgha.
 48291 | Crypt:3  | Found a basalt altar of Yredelemnul.
 48762 | Crypt:3  | Found a staircase to the Tomb.
 49068 | Depths:1 | Entered Level 1 of the Depths
 49068 | Depths:1 | Found a gateway to Hell.
 49469 | Depths:1 | Found a one-way gate leading to the halls of Pandemonium.
 50028 | Depths:1 | Identified the ring "Suer" {rN+++ Int+5} (You found it on
                  | level 1 of the Depths)
 50642 | Depths:2 | Noticed Asterion
 50657 | Depths:2 | Killed Asterion
 50857 | Depths:2 | Reached skill level 17 in Invocations
 50868 | Depths:2 | Reached XP level 25. HP: 155/198 MP: 42/42
 51033 | Depths:2 | Found a gateway to a ziggurat.
 51270 | Depths:3 | Found a magical portal.
 51317 | WizLab   | Identified the Collected Works on Companions
 51469 | WizLab   | Got a pair of smoking boots
 51470 | WizLab   | Identified the +3 pair of boots of Morality {rF+ Stlth+}
                  | (You acquired it in a wizard's laboratory)
 51537 | WizLab   | Gained mutation: You are agile. (Dex +2) [a cacodemon]
 51563 | WizLab   | Found a burning altar of Makhleb.
 51572 | WizLab   | Identified the Collected Works on Companions
 51574 | WizLab   | Identified the Volume of Frigorific Changing
 51577 | WizLab   | Got a slimy bone ring
 51578 | WizLab   | Identified the ring "Tuib Pio" {*Tele rF+ rN+ Stlth+} (You
                  | found it in a wizard's laboratory)
 51603 | WizLab   | Got a wavering silver ring
 51604 | WizLab   | Identified the ring of Peadu {*Corrode Str+7 Int+9 Stlth+}
                  | (You found it in a wizard's laboratory)
 52496 | Depths:4 | Got a vibrating iron ring
 52497 | Depths:4 | Identified the ring of Kuiv {rC++ Str+4 Int-2 Dex+4 Slay+1}
                  | (You found it on level 4 of the Depths)
 52514 | Depths:4 | You fall into a shaft and drop 1 floor!
 52514 | Depths:5 | Entered Level 5 of the Depths
 52635 | Depths:4 | Identified the ring of Idealism {-Tele rN++ Slay+3 SInv
                  | Stlth+}
 52669 | Depths:4 | Found a bloodstained altar of Trog.
 52792 | Depths:4 | Identified the +5 plate armour of Qazlal's Scorn {rCorr}
                  | (You found it on level 4 of the Depths)
 52877 | Depths:4 | Got a transparent bronze ring
 52878 | Depths:4 | Identified the ring of Soasois {rPois MR+ Int+7 Dex-3
                  | Stlth+} (You found it on level 4 of the Depths)
 52895 | Depths:4 | Found a one-way gate to the infinite horrors of the Abyss.
 52983 | Depths:4 | Reached XP level 26. HP: 208/208 MP: 43/43
 53020 | Depths:4 | Got a transparent silver ring
 53021 | Depths:4 | Identified the ring of the Pariah {rElec rPois Str+4 Int-4
                  | Slay+6} (You found it on level 4 of the Depths)
 53151 | Depths:4 | Noticed a juggernaut
 53160 | Depths:4 | Killed a juggernaut
 53193 | Depths:4 | Noticed Sojobo
 53201 | Depths:4 | Killed Sojobo
 53755 | Depths:5 | Found a gate to the Realm of Zot.
 53803 | Zot:1    | Entered Level 1 of the Realm of Zot
 53858 | Zot:1    | Reached skill level 18 in Invocations
 53881 | Zot:1    | Identified the +4 fustibalus of the Silent Majority {flame,
                  | Stlth+} (You found it on level 1 of the Realm of Zot)
 54918 | Zot:2    | Identified the cursed +1 arbalest "Onumm" {penet, rPois rF-
                  | rC+ Str+7} (You found it on level 2 of the Realm of Zot)
 54957 | Zot:2    | Reached XP level 27. HP: 216/216 MP: 40/43
 56051 | Zot:3    | Reached skill level 15 in Conjurations
 56051 | Zot:3    | Reached skill level 15 in Hexes
 56051 | Zot:3    | Reached skill level 15 in Charms
 56051 | Zot:3    | Reached skill level 15 in Summonings
 56051 | Zot:3    | Reached skill level 15 in Necromancy
 56051 | Zot:3    | Reached skill level 15 in Translocations
 56051 | Zot:3    | Reached skill level 15 in Transmutations
 56051 | Zot:3    | Reached skill level 15 in Fire Magic
 56051 | Zot:3    | Reached skill level 15 in Ice Magic
 56051 | Zot:3    | Reached skill level 15 in Air Magic
 56051 | Zot:3    | Reached skill level 15 in Earth Magic
 56051 | Zot:3    | Reached skill level 15 in Poison Magic
 56352 | Zot:4    | Noticed an orb of fire
 56521 | Zot:4    | Got a heavily runed ring mail
 56522 | Zot:4    | Identified the +3 ring mail of Melancholy {rF+ Int-5 Dex+4}
                  | (You found it on level 4 of the Realm of Zot)
 56916 | Zot:4    | Identified the +1 plate armour of Kuohecs {MR+ Int+2} (You
                  | found it on level 4 of the Realm of Zot)
 57094 | Zot:5    | Entered Level 5 of the Realm of Zot
 57242 | Zot:5    | Reached skill level 19 in Invocations
 57538 | Zot:5    | Noticed an ancient lich
 57545 | Zot:5    | Noticed an orb of fire
 57546 | Zot:5    | Noticed an ancient lich
 57548 | Zot:5    | Killed an ancient lich
 57548 | Zot:5    | Gained mutation: Your muscles are strong. (Str +2) [an orb
                  | of fire]
 57552 | Zot:5    | Gained mutation: You are partially covered in iridescent
                  | scales. (AC +2) [an orb of fire]
 57555 | Zot:5    | Killed an ancient lich
 57558 | Zot:5    | Noticed an orb of fire
 57559 | Zot:5    | Noticed an orb of fire
 57564 | Zot:5    | Killed an orb of fire
 57567 | Zot:5    | Lost mutation: Your muscles are strong. (Str +2) [an orb of
                  | fire]
 57568 | Zot:5    | Killed an orb of fire
 57568 | Zot:5    | Killed an orb of fire
 57650 | Zot:5    | Noticed an orb of fire
 57661 | Zot:5    | Gained mutation: Armour fits poorly on your strangely
                  | shaped body. [an orb of fire]
 57665 | Zot:5    | Killed an orb of fire
 57684 | Zot:5    | Identified the +9 plate armour of Absolutism {+Inv rCorr
                  | Str-4 Int+3} (You found it on level 5 of the Realm of Zot)
 57689 | Zot:5    | Noticed an orb of fire
 57705 | Zot:5    | Killed an orb of fire
 57938 | Zot:5    | Noticed an ancient lich
 57951 | Zot:5    | Killed an ancient lich
 57978 | Zot:5    | Noticed an ancient lich
 57989 | Zot:5    | Killed an ancient lich
 58351 | Depths:5 | Found a gateway to a bazaar.
 58366 | Bazaar   | Entered a bazaar
 58376 | Bazaar   | Found Cunoetui's Magic Scroll Boutique.
 58388 | Bazaar   | Bought a scroll of teleportation for 45 gold pieces
 58388 | Bazaar   | Bought a scroll of teleportation for 45 gold pieces
 58388 | Bazaar   | Bought a scroll of teleportation for 45 gold pieces
 58388 | Bazaar   | Bought a scroll of teleportation for 45 gold pieces
 58396 | Bazaar   | Found Yhupturrerch's Armour Shop.
 58413 | Bazaar   | Found Ciblotav's Jewellery Boutique.
 58413 | Bazaar   | Found Vehoipi's Distillery.
 58418 | Bazaar   | Bought a potion of curing for 36 gold pieces
 58418 | Bazaar   | Bought a potion of heal wounds for 60 gold pieces
 58418 | Bazaar   | Bought a potion of heal wounds for 60 gold pieces
 58418 | Bazaar   | Bought a potion of heal wounds for 60 gold pieces
 58906 | D:7      | Noticed Pikel
 58912 | D:7      | Killed Pikel
 58949 | D:7      | Bought a book of Battle for 600 gold pieces
 58953 | D:7      | Learned a level 3 spell: Regeneration
 59159 | Slime:1  | Entered Level 1 of the Pits of Slime
 59405 | Slime:3  | Gained mutation: You are occasionally teleported next to
                  | monsters. [a shining eye]
 59520 | Slime:5  | Entered Level 5 of the Pits of Slime
 59551 | Slime:5  | Noticed the Royal Jelly
 59581 | Slime:5  | Reached skill level 20 in Invocations
 59616 | Slime:5  | Found a viscous altar of Jiyva.
 59652 | Slime:5  | Killed the Royal Jelly
 59737 | Slime:5  | Learned a level 6 spell: Deflect Missiles
 59762 | Slime:5  | Identified the amulet of Lohostat {+Rage Dex+2} (You found
                  | it on level 5 of the Pits of Slime)
 59777 | Slime:5  | Identified the +3 leather armour of Compassion {*Contam
                  | Dex+2 Slay+6} (You found it on level 5 of the Pits of
                  | Slime)
 59780 | Slime:5  | Identified the cursed +1 plate armour of the Arcane {MR+}
                  | (You found it on level 5 of the Pits of Slime)
 60259 | Depths:4 | Voluntarily entered the Abyss.
 60333 | Abyss:2  | Identified the +1 buckler of Qos Syhe {Stlth+} (You found
                  | it on level 2 of the Abyss)
 60489 | Abyss:2  | Gained mutation: You are weak. (Str -2) [a neqoxec]
 60575 | Abyss:2  | Found a corrupted altar of Lugonu.
 60868 | Abyss:3  | Found a corrupted altar of Lugonu.
 60872 | Abyss:3  | Found a corrupted altar of Lugonu.
 61372 | Abyss:4  | Found a corrupted altar of Lugonu.
 61541 | Abyss:4  | Found a corrupted altar of Lugonu.
 61614 | Abyss:4  | Found a corrupted altar of Lugonu.
 61885 | Abyss:4  | Got an abyssal rune of Zot
 61972 | Abyss:4  | Paralysed by accursed screaming for 1 turns
 62001 | Abyss:4  | Found a corrupted altar of Lugonu.
 62216 | Depths:4 | Escaped the Abyss
 63107 | D:9      | Bought a scroll of enchant weapon for 240 gold pieces
 63107 | D:9      | Bought a scroll of silence for 240 gold pieces
 63312 | Pan      | Entered Pandemonium
 63376 | Pan      | Entered the realm of Gloorx Vloq.
 63609 | Pan      | Noticed Gloorx Vloq
 63620 | Pan      | Killed Gloorx Vloq
 63700 | Pan      | Got a dark rune of Zot
 63753 | Pan      | Noticed Ollahizu the pandemonium lord
 63762 | Pan      | Killed Ollahizu the pandemonium lord
 63789 | Pan      | Entered the realm of Cerebov.
 63892 | Pan      | Identified the +0 shield of the Peasants {SInv}
 63906 | Pan      | Identified the amulet "Moprel" {*Contam +Rage rElec Str+8}
 64035 | Pan      | Identified the +4 scale mail of Qogahod {Dex+4 Slay+2
                  | Stlth-}
 64108 | Pan      | Reached skill level 21 in Invocations
 64125 | Pan      | Identified the +6 sword of Cerebov {flame}
 64125 | Pan      | Noticed Cerebov
 64147 | Pan      | HP: 5/226 [Cerebov/the +6 sword of Cerebov {flame} (32)]
 64156 | Pan      | Killed from afar by Cerebov

Levels and vault maps discovered:
D:1:      nzn_arrival_depleted_hourglass, layout_loops_ring, dk_noncrumbling_2,
          chequers_serial_rivers_small_b, xom_teletrap_fun
D:2:      layout_loops_corners, first_ration, uniq_jessica
D:3:      layout_rooms, old_standard_altar, uniq_natasha
D:4:      layout_rooms, nicolae_overflow_crystal_walls
D:5:      layout_loops_cross, grunt_temple_overflow_holy_war, slow_altar_2,
          minmay_misc_feat_ornament, chequers_serial_rivers_micro_b
D:6:      layout_rooms, kennysheep_mini, nemelex_altar_shiori,
          trog_ov_bears_minmay, minmay_temple_entry_junction_2,
          serial_corexii_hall, chequers_hall_statues_wall_a,
          corexii_hall_statues_i, kennysheep_dice
D:7:      layout_basic, led_sif_pool, old_standard_altar, serial_shops, shop,
          kennysheep_little_box, kennysheep_mini_moat, shop, shop,
          nemelex_lonely_heart_becter, uniq_pikel, uniq_prince_ribbit1
D:8:      layout_rooms, lemuel_doored_altar, nicolae_dithmenos_the_darkroom,
          overflow_temple_1_default
D:9:      layout_basic, serial_shops, shop, shop, nicolae_shop_crystal,
          nicolae_shop_trees, shop_statue, hangedman_ranch
          [blue_anna_fruit_fields]
D:10:     layout_cave_pools, lightli_bailey_entry_fortress, fedhas_altar_2,
          uniq_sonja
D:11:     layout_stronghold, dpeg_oklobed_lair
D:12:     layout_small_grid, erik_orc_2, uniq_frances
D:13:     minmay_stepped, layout_long_grid, ximxim_vaults_locker_room
D:14:     layout_irregular_city, minmay_hedge_maze, uniq_rupert
D:15:     gammafunk_depths_entry_grave, layout_rooms,
          chequers_serial_rivers_micro_d, serial_shops,
          nicolae_shop_window_shopping, shop, nicolae_shop_statue_plus,
          nicolae_shop_window_shopping, hangedman_abyss_or_decor_passed,
          chequers_decorated_corner
Lair:1:   layout_hall_layers
Lair:2:   layout_cave_pods, guppyfry_snake_entry_garden, grunt_megastairs_3
Lair:3:   layout_hall_layers, gauntlet_entry_generic
Lair:4:   layout_gridlike, nicolae_swamp_entry_splash_gauntlet,
          ebering_ghost_inner_flame
Lair:5:   layout_gridlike, grunt_megastairs_5, uniq_urug
Lair:6:   minmay_lair_end_enchanted_forest, layout_regular_city,
          minmay_slime_entry_jelly_boxes, portal_ice_cave_entry_imps,
          serial_bayou_shore_a, serial_bayou_shore_b, grunt_megastairs_1
Swamp:1:  layout_falls_marsh, evilmike_swamp_ruin_rubble_1, swamp_pool4
Swamp:2:  layout_basic_swamp, nicolae_swamp_fairy_circle
Swamp:3:  layout_basic_swamp, hangedman_swamp_pad, infiniplex_staircase_pool,
          uniq_roxanne
Swamp:4:  grunt_swamp_rune_castle, layout_basic_swamp
Snake:1:  layout_rooms, serial_shops, shop, nicolae_snake_squiggles
Snake:2:  layout_concentric_octagons, serial_shops, nicolae_shop_crystal,
          serial_bayou_shore_b
Snake:3:  layout_rooms, drop_trap
Snake:4:  snake_pit, layout_cave_town
Slime:1:  cheibrodos_slime_lost_civilization_3, layout_caves
Slime:2:  layout_caves
Slime:3:  layout_caves, nicolae_slime_phagocytosis
Slime:4:  layout_caves
Slime:5
Orc:1:    layout_diamond_mine
Orc:2:    st_orc_open, layout_caves, basic_altar, serial_shops, shop,
          statue_in_the_mist_lemuel, uniq_nessos
Elf:1:    eino_elf_arrival_sip, layout_rooms, minmay_elf_demonology, drop_trap,
          palyth_stone_intersect
Elf:2:    layout_rooms, uniq_aizul
Elf:3:    minmay_elf_hall_furrowed, layout_geoelf_grid
Vaults:1: grunt_vaults_swirl, nicolae_vaults_network_star,
          hangedman_vaults_cutoff, ontoclasm_vaults_idyll,
          vaults_room_semicircle, hangedman_vaults_maws,
          nicolae_vaults_what_the_h, grunt_vaults_hallway_long, st_lines,
          layout_vaults_omnicross, serial_shops, shop
Vaults:2: ontoclasm_vaults_shout, ontoclasm_vaults_ring_small,
          hangedman_vaults_stretched_pinwheel, vaults_room_large_hall,
          nicolae_vaults_windows_and_doors_thing,
          minmay_crypt_entry_simple_round, v_misc_3, vaults_room_door_hall,
          vaults_mumra_minichess_inversion, vaults_dpeg_spiral,
          hangedman_vaults_cutoff, hangedman_vaults_snaps, layout_vaults_maze,
          serial_shops, shop, uniq_mara
Vaults:3: v_alt_pattern_3, hangedman_vaults_pinch, ontoclasm_vaults_gallery,
          ontoclasm_vaults_ring_square, vaults_room_stairs_pillars, v_misc_12,
          nicolae_vaults_arrows, ontoclasm_vaults_loading_screen,
          vaults_room_semicircle, v_alt_pattern_6, nicolae_vaults_specimen_jars,
          nicolae_vaults_little_squares_6, layout_vaults_omnibox
Vaults:4: gammafunk_vaults_ghost_tricky_traps, ontoclasm_vaults_ring_large,
          vaults_standard_mumra_lines, v_pattern_1, nicolae_vaults_gold_heap,
          vaults_standard_mumra_enter_the_diamond, vaults_room_pool,
          vaults_room_guarded_vault, layout_vaults_chaotic_city, uniq_saint_roka
Vaults:5: serial_shops
Crypt:1:  layout_rooms, serial_sigils_hangedman_snap, grunt_crypt_arrival_webbed
Crypt:2:  layout_gridlike, serial_sigils_hangedman_leer,
          ebering_dispersal_statue_hall, nicolae_crypt_cryptocurrency,
          st_vampire_maze, uniq_margery
Crypt:3:  lightli_unholy_cathedral, layout_chaotic_city,
          tomb_entry_pyramid_bobbens, serial_co_window_serial,
          co_window_paths_a, co_window_paths_b, co_window_paths_a,
          co_window_cross_1, co_window_of_opportunity_a, co_window_corner_b,
          co_window_unsneaky_path_a, co_window_of_opportunity_c,
          co_window_paths_d, glass_columns_b, glass_columns_a, glass_columns_c,
          glass_columns_a, glass_columns_c
Depths:1: kennysheep_green_arena, layout_cave_shapes, hell_entry,
          minmay_misc_feat_room, grunt_pan_entry_sceptre,
          kennysheep_generic_room_10
Depths:2: cell_vault, layout_gridlike, enter_ziggurat_b,
          hangedman_decor_growths, grunt_mini_vestibule,
          minmay_misc_feat_plants, solitary_fountain, infiniplex_staircase_star,
          uniq_asterion
Depths:3: minmay_bloctagon_deflated, layout_long_grid, hell_entry, pan_entry,
          mu_enter_wizlab_5, kennysheep_generic_room_12,
          infiniplex_staircase_hallway_doors
Depths:4: hangedman_spin_cycle, hell_entry, abyss_entry, serial_shops, pan_entry
Depths:5: grunt_zot_entry_alcove, layout_basic, pf_dread_powers_of_hell,
          minmay_misc_feat_nine_boxes, serial_shops, statue_bzr,
          lemuel_flamethrower_hall
Zot:1:    layout_concentric_octagons, grunt_ministairs_14
Zot:2:    kennysheep_blocky_room, layout_twisted_circle
Zot:3:    layout_cathedral_of_symmetry, st_stairs_3, zot_minivault_3
Zot:4:    circus_mu, layout_gridlike, lemuel_elevator
Zot:5:    layout_cathedral_of_symmetry
Pan:      lemuel_hall_of_pain, layout_gridlike, gloorx_vloq,
          layout_irregular_city, grunt_pan_zigzag, layout_irregular_city,
          cerebov_grunt, layout_basic

Skill      XL: |  1  2  3  4  5  6  7  8  9 10 11 12 13 14 15 16 17 18 19 20 21 22 23 24 25 26 27 |
---------------+----------------------------------------------------------------------------------+-----
Stealth        | 6 7 8 9 10 11 12 13 14 15 16 17 20 | 20.1
Invocations    | 1 2 3 4 5 6 8 9 10 11 12 13 14 15 16 17 18 21 | 21.0
Short Blades   | 1 2 3 4 5 7 8 9 10 11 12 13 14 15 16 19 | 19.5
Axes           | 1 2 3 4 5 7 8 9 10 11 12 13 14 15 16 19 | 19.5
Maces & Flails | 1 2 3 4 5 7 8 9 10 11 12 13 14 15 16 19 | 19.5
Polearms       | 1 2 3 4 5 7 8 9 10 11 12 13 14 15 16 19 | 19.5
Staves         | 1 2 3 4 5 7 8 9 10 11 12 13 14 15 16 19 | 19.5
Slings         | 1 2 3 4 5 7 8 9 10 11 12 13 14 15 16 19 | 19.5
Bows           | 1 2 3 4 5 7 8 9 10 11 12 13 14 15 16 19 | 19.5
Crossbows      | 1 2 3 4 5 7 8 9 10 11 12 13 14 15 16 19 | 19.5
Armour         | 1 2 3 4 5 7 8 9 10 11 12 13 14 15 16 19 | 19.5
Dodging        | 1 2 3 4 5 7 8 9 10 11 12 13 14 15 16 19 | 19.5
Shields        | 1 2 3 4 5 7 8 9 10 11 12 13 14 15 16 19 | 19.5
Unarmed Combat | 1 2 3 4 5 7 8 9 10 11 12 13 14 15 16 19 | 19.5
Spellcasting   | 1 2 3 4 5 7 8 9 10 11 12 13 14 15 16 19 | 19.5
Evocations     | 1 2 3 4 5 7 8 9 10 11 12 13 14 15 16 19 | 19.5
Conjurations   | 1 2 3 4 6 7 8 9 10 11 12 13 14 16 | 16.9
Hexes          | 1 2 3 4 6 7 8 9 10 11 12 13 14 16 | 16.9
Charms         | 1 2 3 4 6 7 8 9 10 11 12 13 14 16 | 16.9
Summonings     | 1 2 3 4 6 7 8 9 10 11 12 13 14 16 | 16.9
Necromancy     | 1 2 3 4 6 7 8 9 10 11 12 13 14 16 | 16.9
Translocations | 1 2 3 4 6 7 8 9 10 11 12 13 14 16 | 16.9
Transmutations | 1 2 3 4 6 7 8 9 10 11 12 13 14 16 | 16.9
Fire Magic     | 1 2 3 4 6 7 8 9 10 11 12 13 14 16 | 16.9
Ice Magic      | 1 2 3 4 6 7 8 9 10 11 12 13 14 16 | 16.9
Air Magic      | 1 2 3 4 6 7 8 9 10 11 12 13 14 16 | 16.9
Earth Magic    | 1 2 3 4 6 7 8 9 10 11 12 13 14 16 | 16.9
Poison Magic   | 1 2 3 4 6 7 8 9 10 11 12 13 14 16 | 16.9
Throwing       | 3 4 5 6 7 8 9 10 11 12 13 14 15 16 17 19 | 19.7
Long Blades    | 5 6 7 8 9 10 11 12 13 14 15 16 17 19 | 19.9
Fighting       | 9 10 11 12 13 14 15 16 17 18 20 | 20.7

Action                   |  1- 3 |  4- 6 |  7- 9 | 10-12 | 13-15 | 16-18 | 19-21 | 22-24 | 25-27 || total
-------------------------+-------+-------+-------+-------+-------+-------+-------+-------+-------++-------
Melee: Dagger            |    53 |       |       |       |       |       |       |       |       ||    53
       Bite              |     3 |     5 |    13 |    32 |   112 |    99 |   131 |   179 |   375 ||   949
       Hand axe          |    31 |    87 |   136 |   180 |   138 |       |       |       |       ||   572
       Punch             |       |     1 |     3 |     8 |     9 |       |     1 |       |       ||    22
       Falchion          |       |       |       |     2 |       |       |       |       |       ||     2
       Battleaxe         |       |       |       |       |   418 |   495 |    43 |       |       ||   956
       Broad axe         |       |       |       |       |       |       |   531 |   768 |  1522 ||  2821
       Eudemon blade     |       |       |       |       |       |       |       |       |   199 ||   199
 Fire: Fustibalus        |       |    50 |   132 |   317 |   739 |   475 |       |       |       ||  1713
       Hand crossbow     |       |       |       |       |       |   323 |   375 |   233 |   521 ||  1452
Throw: Stone             |       |       |       |    46 |     4 |       |     1 |       |       ||    51
       Throwing net      |       |       |       |     1 |       |       |       |       |     2 ||     3
       Dart              |       |       |       |       |       |     1 |       |       |       ||     1
 Cast: Summon Lightning  |       |       |       |     6 |    52 |   135 |   112 |    56 |   116 ||   477
       Apportation       |       |       |       |       |     5 |    12 |    19 |     8 |    41 ||    85
       Borgnjor's Vile C |       |       |       |       |     7 |     9 |    28 |     3 |     5 ||    52
       Statue Form       |       |       |       |       |       |     2 |     1 |     4 |    11 ||    18
       Summon Mana Viper |       |       |       |       |       |       |    10 |     2 |     9 ||    21
       Aura of Abjuratio |       |       |       |       |       |       |     3 |    10 |    14 ||    27
       Regeneration      |       |       |       |       |       |       |       |       |    29 ||    29
       Conjure Flame     |       |       |       |       |       |       |       |       |     1 ||     1
       Deflect Missiles  |       |       |       |       |       |       |       |       |     1 ||     1
Invok: Bend Time         |       |       |     2 |       |     2 |       |       |       |       ||     4
       Temporal Distorti |       |       |       |     2 |       |       |       |     5 |       ||     7
       Slouch            |       |       |       |       |       |       |     1 |       |       ||     1
       Step From Time    |       |       |       |       |       |       |       |       |     1 ||     1
 Abil: End Transformatio |       |       |       |       |       |       |       |       |     1 ||     1
Evoke: Wand              |       |       |       |       |     5 |     6 |     4 |     1 |     2 ||    18
       Lamp of fire      |       |       |       |       |       |       |       |       |     4 ||     4
  Use: Scroll            |       |     6 |     8 |     6 |    14 |    15 |    16 |     5 |    31 ||   101
       Potion            |       |       |       |     2 |     3 |       |     1 |       |     7 ||    13
 Stab: Sleeping          |    14 |     2 |     4 |       |     2 |     2 |    10 |     6 |    40 ||    80
       Distracted        |       |       |       |       |    10 |    28 |    37 |    28 |    59 ||   162
       Paralysed         |       |       |       |       |     2 |       |       |       |       ||     2
       Held in net/web   |       |       |       |       |       |       |       |       |     2 ||     2
       Petrifying        |       |       |       |       |       |       |       |       |     1 ||     1
  Eat: Chunk             |       |     7 |     4 |     8 |    17 |    13 |    12 |     4 |    10 ||    75
       Ration            |       |       |     1 |       |     2 |     3 |     1 |     3 |     7 ||    17
Armor: Robe              |     1 |       |       |       |       |       |       |       |       ||     1
       Ring mail         |    23 |    28 |    24 |       |    51 |   130 |       |       |       ||   256
       Troll leather arm |       |       |    14 |    68 |    74 |       |       |       |       ||   156
       Skin              |       |       |       |    15 |       |     5 |     4 |    36 |    37 ||    97
       Leather armour    |       |       |       |       |       |    31 |    37 |       |       ||    68
       Scale mail        |       |       |       |       |       |       |     9 |   103 |   225 ||   337
Dodge: Dodged            |    31 |    55 |   114 |   262 |   729 |   745 |   374 |   596 |  1236 ||  4142
       Deflected         |       |       |       |       |       |       |       |       |     2 ||     2
Block: Other             |       |       |       |       |    14 |    30 |       |       |       ||    44
       Reflection        |       |       |       |       |     3 |     2 |       |       |       ||     5
       Shield            |       |       |       |       |       |       |   472 |   794 |  1788 ||  3054
       Rpst.: Eudemon blade |       |       |       |       |       |       |       |       |    31 ||    31
